 Dungeon Crawl Stone Soup version 0.23.2-40-g277498a (webtiles) character file.

Game seed: 8505489739019487903

44 Aphrodieselac the Charmwright (level 3, 0/27 HPs)
             Began as a Merfolk Skald on Oct 3, 2019.
             Was an Initiate of Okawaru.
             Slain by an orc priest (1 damage)
             ... on level 2 of the Dungeon.
             The game lasted 00:05:26 (1629 turns).

Aphrodieselac the Charmwright (Merfolk Skald)       Turns: 1629, Time: 00:05:26

Health: 0/27       AC:  3    Str: 11    XL:     3   Next: 62%
Magic:  2/6        EV: 12    Int: 13    God:    Okawaru [......]
Gold:   92         SH:  0    Dex: 13    Spells: 1/6 levels left

rFire    . . .     SeeInvis .   a - +0 spear
rCold    . . .     Gourm    .   (no shield)
rNeg     . . .     Faith    .   b - +0 leather armour
rPois    .         Spirit   .   (no helmet)
rElec    .         Reflect  .   (no cloak)
rCorr    .         Harm     .   (no gloves)
MR       .....                  (no boots)
Stlth    +.........             (no amulet)
HPRegen  0.09/turn              (no ring)
MPRegen  0.10/turn              (no ring)

@: infused
A: change form in water, swift swim, stealthy swim
a: Renounce Religion


You were on level 2 of the Dungeon.
You worshipped Okawaru.
Okawaru was noncommittal.
You were not hungry.

You visited 1 branch of the dungeon, and saw 3 of its levels.

You collected 92 gold pieces.

Inventory:

Hand Weapons
 a - a +0 spear (weapon)
Missiles
 c - 15 poisoned needles
Armour
 b - a +0 leather armour (worn)
 h - a +2 ring mail of fire resistance
 i - a +0 shield
Wands
 e - a wand of digging (4)
Scrolls
 g - 2 scrolls of teleportation
Potions
 f - a potion of might {unknown}
Comestibles
 d - 3 rations


   Skills:
 - Level 2.1 Fighting
 + Level 4.0 Polearms
 - Level 0.6 Armour
 - Level 2.6 Dodging
 - Level 2.0 Spellcasting
 * Level 4.5 Charms


You had one spell level left.
You knew the following spells:

 Your Spells              Type           Power        Failure   Level  Hunger
a - Infusion              Chrm           ##..         5%          1    ##.....
b - Song of Slaying       Chrm           ##......     8%          2    ###....
c - Shroud of Golubria    Chrm/Tloc      #.........   21%         2    ###....

Your spell library contained the following spells:

 Spells                   Type           Power        Failure   Level  Hunger
 Regeneration             Chrm/Necr      #.........   36%         3    ####...
 Spectral Weapon          Hex/Chrm       #.......     36%         3    ####...


Dungeon Overview and Level Annotations

Branches:
Dungeon (3/15)

Altars:
Okawaru

Annotations:
D:3 Sigmund


Message History

You hit the orc priest.
The orc priest is severely wounded.
The orc priest hits you.
* * * LOW HITPOINT WARNING * * *
The orc hits you with a +0 club.
* * * LOW HITPOINT WARNING * * *
You closely miss the orc priest.
The orc priest is severely wounded.
The orc priest misses you.
You closely miss the orc priest.
The orc priest is severely wounded.
The orc priest hits you but does no damage.
You hit the orc priest.
The orc priest is almost dead.
The orc priest hits you.
* * * LOW HITPOINT WARNING * * *
You barely miss the orc priest.
The orc priest is almost dead.
The orc priest hits you.
You die...

#################
#...............#
#.###.##.#.#.##.#########
#.#########..##.........#
####.#.......#..##o.######.#
...#.#.♣.♣.♣.#..@oo.....##.#
##.#.#.......#..##..###.##.#
#.#.#<.........##..###.##.#
##.#.#.......#####.........#
.....#.♣.♣.♣.#.....#######.#
.#.###.......#.##### #.#
.#.###########..## ####.#
....## ##.......## ##.##.#
.#...####......(..####...#.#


You could see an orc priest and 2 orcs.

Vanquished Creatures
  An adder (D:2)
  A dart slug (D:1)
  2 leopard geckos (D:2)
  A ball python (D:1)
  4 goblins
  2 hobgoblins (D:1)
  2 jackals (D:2)
  5 kobolds
  9 bats
  A frilled lizard (D:1)
  4 rats
32 creatures vanquished.

Vanquished Creatures (others)
  4 toadstools (D:1)
4 creatures vanquished.

Grand Total: 36 creatures vanquished

Notes
Turn   | Place    | Note
-------+----------+-------------------------------------------
     0 | D:1      | Aphrodieselac the Merfolk Skald began the quest for the
                  | Orb.
     0 | D:1      | Reached XP level 1. HP: 16/16 MP: 3/3
   201 | D:1      | Reached XP level 2. HP: 17/22 MP: 5/5
   597 | D:2      | Reached XP level 3. HP: 27/27 MP: 6/6
   782 | D:2      | Learned a level 2 spell: Song of Slaying
   785 | D:2      | Learned a level 2 spell: Shroud of Golubria
   915 | D:2      | Found an iron altar of Okawaru.
   919 | D:2      | Became a worshipper of Warmaster Okawaru
  1487 | D:3      | Noticed Sigmund
  1628 | D:2      | HP: 1/27 [orc priest (5)]
  1629 | D:2      | Slain by an orc priest

Skill      XL: |  1  2  3 |
---------------+----------+-----
Charms         | 4 |  4.5
Polearms       | 4 |  4.0
Fighting       | |  2.1
Armour         | |  0.6
Dodging        | |  2.6
Spellcasting   | |  2.0

Action                   || total
-------------------------++-------
Melee: Spear             ||   115
       Tailslap          ||     1
 Cast: Infusion          ||     4
       Shroud of Golubri ||     1
  Use: Scroll            ||     2
  Eat: Chunk             ||     2
Armor: Leather armour    ||    21
Dodge: Dodged            ||    69
